Map: Last Fantasy LE

Players

ByuN

  • Race: Terran Terran
  • Spawn Location: 7:00

Creator - Winner!

  • Race: Protoss Protoss
  • Spawn Location: 12:00

VOD

Have the link to the VOD?

Description

Time

  • Played on: Aug. 26, 2025, 10:08 a.m.
  • Length: 20:43
Show
View Real Time Build Order
Export as new Build Order

ByuN Terran 

Build Orders: Command Center First 

Get SALT Encoding   

  12  0:00  SCV  
  13  0:12  SCV  
  14  0:16  Supply Depot  
  14  0:24  SCV  
  15  0:38  SCV  
  16  0:50  SCV  
  17  0:59  Command Center  
  17  1:02  SCV  
  18  1:11  Barracks  
  18  1:14  SCV  
  19  1:20  Refinery  
  19  1:26  SCV  
  19  1:29  Refinery  
  20  1:39  SCV  
  21  1:51  SCV  
  22  1:58  Marine  
  23  2:03  Orbital Command  
  23  2:06  Factory  
  23  2:12  Orbital Command  
  23  2:16  Marine  
  24  2:28  SCV  
  25  2:33  Marine  
  26  2:37  SCV  
  26  2:41  SCV  
  28  2:49  SCV  
  28  2:50  Factory Tech Lab  
  28  2:51  Marine, Starport  
  29  2:53  SCV  
  29  2:56  Supply Depot  
  31  3:01  SCV  
  31  3:05  SCV  
  33  3:08  Cyclone  
  33  3:10  Barracks Reactor  
  33  3:11  Orbital Command  
  36  3:15  Barracks  
  36  3:17  SCV  
  37  3:20  Supply Depot  
  37  3:28  Medivac  
  37  3:29  SCV  
  40  3:37  SCV  
  44  3:42  SCV  
  44  3:44  Siege Tank  
  44  3:46  Marine x2, Supply Depot  
  47  3:51  Refinery, SCV  
  47  3:54  SCV  
  49  4:02  Liberator  
  50  4:03  SCV  
  55  4:10  Barracks Tech Lab, Supply Depot  
  55  4:11  SCV  
  55  4:13  Engineering Bay  
  55  4:16  Marine x2  
  56  4:19  SCV  
  56  4:23  SCV  
  58  4:27  Bunker  
  58  4:28  Marine  
  62  4:31  Siege Tank  
  62  4:34  Supply Depot  
  62  4:35  Marine x2  
  62  4:36  Stimpack  
  65  4:40  SCV x2  
  66  4:48  Supply Depot  
  66  4:49  Marine  
  66  4:52  Terran Infantry Weapons Level 1  
  67  4:53  Marine x2  
  67  4:55  SCV  
  67  4:56  SCV  
  71  5:08  Supply Depot, Siege Tank, Barracks  
  71  5:11  SCV x2  
  76  5:15  Marine x3  
  76  5:17  Starport Reactor  
  79  5:21  Refinery  
  79  5:23  Supply Depot  
  79  5:25  SCV x2  
  81  5:31  Supply Depot  
  80  5:37  Marine x2  
  80  5:38  Marauder  
  80  5:40  SCV  
  84  5:47  SCV  
  85  5:52  Factory Reactor, SCV  
  86  6:01  Marine x2  
  88  6:04  Command Center  
  88  6:06  SCV x2  
  88  6:09  Barracks  
  88  6:10  Barracks, Combat Shield  
  90  6:14  Marauder  
  90  6:16  Marauder  
  94  6:22  Medivac  
  94  6:23  Medivac  
  98  6:26  Marine x2  
  98  6:31  Widow Mine  
  102  6:33  Widow Mine  
  102  6:35  SCV x2  
  103  6:40  Supply Depot  
  104  6:47  Marine x2, Marauder x2  
  108  6:56  Widow Mine  
  108  6:59  Barracks Reactor  
  108  7:00  Barracks Tech Lab, Terran Infantry Armor Level 1  
  110  7:02  Supply Depot, SCV x2, Widow Mine  
  114  7:11  Medivac x2  
  114  7:14  SCV x2  
  120  7:17  Ghost Academy  
  120  7:20  Marauder x2  
  125  7:24  Marine x2, Marauder  
  128  7:32  SCV x2  
  128  7:35  Orbital Command  
  129  7:44  SCV x2  
  129  7:45  Viking x2  
  129  7:47  Marauder x2  
  139  7:51  Marine x2  
  139  7:52  Marine x2  
  139  7:56  SCV x2  
  140  8:06  Marauder  
  140  8:08  Marauder x2  
  140  8:10  Concussive Shells  
  141  8:15  Viking x2  
  128  8:23  Marine x2  
  128  8:24  Marine  
  128  8:25  Marine  
  124  8:28  Marauder  
  124  8:30  Marauder  
  124  8:31  Marauder  
  129  8:37  Refinery x2  
  129  8:41  Marine x2  
  130  8:42  Marine  
  130  8:44  Viking  
  130  8:45  Viking  
  136  8:48  Ghost  
  136  8:49  SCV x3  
  136  8:50  Ghost  
  136  8:51  Ghost  
  136  8:52  Supply Depot  
  136  8:53  Supply Depot  
  136  8:54  Supply Depot  
  148  9:04  Missile Turret  
  148  9:07  Missile Turret  
  148  9:09  SCV x3  
  149  9:13  Marine x4  
  152  9:18  Marauder  
  152  9:19  Marauder  
  152  9:21  Marauder  
  158  9:26  Armory  
  158  9:27  Command Center  
  158  9:28  Engineering Bay  
  158  9:31  Medivac x2  
  162  9:39  Marine x4, Marauder  
  162  9:41  Marauder  
  162  9:44  Supply Depot  
  170  9:47  Ghost  
  173  9:59  Ghost  
  163  10:01  Viking x2  
  170  10:09  Ghost  
  173  10:15  Ghost  
  173  10:17  Terran Infantry Armor Level 2  
  176  10:21  Terran Infantry Weapons Level 2  
  176  10:28  Ghost  
  178  10:36  Marine x3  
  178  10:39  Viking x2, Marauder  
  186  10:43  SCV x2  
  186  10:44  SCV  
  186  10:45  Marauder  
  191  10:50  Sensor Tower  
  191  10:55  SCV x2  
  191  10:56  SCV  
  194  11:02  Barracks x2  
  194  11:03  Barracks  
  196  11:09  Viking  
  200  11:12  Planetary Fortress  
  200  11:14  Missile Turret  
  195  11:22  Marine, Marauder x2  
  197  11:34  Marauder  
  197  11:35  Marine x3  
  197  11:38  SCV x3  
  197  11:43  Marauder  
  199  11:48  Sensor Tower  
  199  11:50  SCV  
  200  11:57  Starport  
  200  11:59  Command Center x2  
  200  12:03  Terran Ship Weapons Level 1  
  200  12:06  Barracks Tech Lab x2, Barracks Reactor  
  199  12:09  SCV  
  196  12:17  SCV x2  
  196  12:21  SCV  
  196  12:22  Sensor Tower  
  198  12:36  Marauder  
  200  12:39  Terran Infantry Armor Level 3  
  200  12:40  Terran Infantry Weapons Level 3  
  200  12:41  Fusion Core  
  179  12:58  Marauder x2  
  179  13:01  Marauder x2  
  179  13:05  Marine x3  
  182  13:06  Marine  
  182  13:08  Medivac x2  
  189  13:15  Command Center, Orbital Command  
  189  13:22  Command Center  
  189  13:29  Missile Turret  
  189  13:31  Missile Turret x2  
  188  13:49  Planetary Fortress  
  188  14:01  Missile Turret  
  188  14:04  Sensor Tower  
  188  14:07  Missile Turret  
  188  14:12  Command Center  
  188  14:15  Command Center  
  188  14:16  Refinery  
  188  14:17  Refinery  
  185  14:32  Advanced Ballistics  
  185  14:35  Missile Turret  
  185  14:37  Orbital Command  
  170  14:43  Liberator x3  
  170  14:44  Liberator  
  170  14:45  Missile Turret, Ghost x3  
  178  14:46  Ghost  
  178  14:52  SCV x4  
  194  14:56  Missile Turret  
  194  15:00  Orbital Command  
  194  15:10  Sensor Tower  
  194  15:14  Missile Turret  
  194  15:16  Neosteel Armor  
  194  15:17  Hi-Sec Auto Tracking, Missile Turret  
  194  15:21  Terran Ship Weapons Level 2  
  194  15:23  Armory  
  194  15:25  Orbital Command  
  194  15:35  Ghost x3  
  188  15:36  Liberator  
  188  15:39  Orbital Command  
  199  15:44  Caduceus Reactor  
  199  16:01  Command Center  
  199  16:04  Command Center  
  199  16:24  Command Center  
  199  16:29  Starport x2  
  198  16:36  Command Center  
  198  17:01  Command Center  
  198  17:02  Command Center x2  
  198  17:07  Missile Turret x3  
  198  17:10  Missile Turret  
  184  17:27  Marine x2, Marauder x2  
  184  17:28  Marine x3  
  184  17:29  Marine x2  
  147  17:39  Marauder x2  
  147  17:43  Liberator x4  
  156  17:44  Marine x2  
  156  17:46  Marine x3  
  156  17:47  Marine, SCV x2  
  156  17:48  SCV, Marauder x2  
  156  17:51  SCV x2  
  161  17:56  SCV  
  161  17:57  SCV  
  156  17:58  SCV  
  156  18:01  Marauder  
  156  18:02  Marine  
  158  18:09  Marauder x2  
  162  18:13  Marauder  
  162  18:20  Marauder  
  162  18:23  Marauder  
  162  18:26  Marine  
  158  18:31  Marauder x2  
  154  18:34  Marauder  
  154  18:36  Orbital Command  
  154  18:40  Orbital Command  
  147  18:45  Liberator  
  147  18:47  Marine, Marauder x2  
  132  18:48  Medivac  
  132  18:51  Liberator  
  132  18:52  Liberator x2  
  132  18:55  Orbital Command, Marauder x2  
  141  19:03  Marine x2, Marauder  
  141  19:04  Marine x2  
  141  19:08  Marauder  
  140  19:11  Planetary Fortress  
  140  19:14  Marauder  
  140  19:15  Marine x2  
  140  19:16  Marauder  
  146  19:18  Liberator  
  146  19:19  Marauder  
  146  19:21  Marine x2  
  146  19:22  Marine x2  
  146  19:24  Marine  
  156  19:28  Liberator  
  156  19:30  Marauder  
  145  19:34  Liberator  
  145  19:35  Marine, Liberator, Marauder  
  145  19:38  Marine, Marauder  
  155  19:40  Marauder  
  151  19:47  Marine x2  
  151  19:52  Marauder  
  154  19:56  Marine x2  
  154  19:59  Marauder  
  152  20:01  Marauder  
  147  20:08  Missile Turret  
  147  20:12  Ghost  
  125  20:17  Marine x2  
  125  20:19  Marine  
  125  20:20  Marine  
  125  20:21  Marauder  
Show
View Real Time Build Order
Export as new Build Order

Creator Protoss - Winner!

Build Orders: 1 Gate Expand, Phoenix Opening, Colossus Rush 

Get SALT Encoding   

  12  0:00  Probe  
  13  0:12  Probe  
  14  0:17  Pylon  
  14  0:24  Probe  
  15  0:32  Probe  
  15  0:38  Gateway  
  15  0:40  Probe  
  16  0:47  Assimilator  
  17  0:50  Probe  
  18  1:03  Probe  
  19  1:15  Probe  
  20  1:25  Cybernetics Core  
  20  1:34  Nexus  
  20  1:41  Pylon  
  20  1:44  Probe  
  21  1:50  Assimilator, Stalker  
  21  1:57  Probe  
  22  2:05  Warp Gate  
  24  2:09  Probe  
  25  2:17  Shield Battery  
  25  2:21  Probe  
  26  2:24  Sentry  
  26  2:25  Phoenix  
  28  2:31  Probe  
  29  2:39  Probe  
  30  2:46  Probe  
  30  2:48  Probe  
  30  2:50  Robotics Facility  
  31  2:52  Stalker  
  33  2:59  Probe  
  33  3:00  Probe  
  35  3:11  Probe  
  35  3:12  Probe  
  37  3:14  Gateway  
  37  3:16  Phoenix  
  37  3:23  Probe  
  37  3:24  Probe  
  39  3:29  Pylon, Immortal  
  39  3:35  Probe  
  39  3:36  Probe  
  45  3:47  Probe  
  46  3:48  Probe  
  46  3:51  Twilight Council  
  46  3:54  Gateway  
  47  3:59  Probe  
  47  4:00  Charge  
  47  4:01  Probe  
  49  4:03  Stalker  
  49  4:07  Observer, Pylon  
  52  4:11  Probe  
  53  4:26  Nexus  
  53  4:33  Warp Prism  
  55  4:38  Probe  
  55  4:39  Probe  
  55  4:42  Assimilator  
  57  4:46  Pylon  
  57  4:51  Robotics Bay  
  57  4:52  Assimilator  
  57  4:55  Probe x2  
  57  4:58  Zealot  
  61  5:01  Pylon  
  61  5:05  Zealot  
  63  5:08  Probe x2  
  65  5:14  Forge  
  65  5:15  Sentry  
  65  5:16  Observer  
  65  5:20  Probe x2  
  70  5:25  Zealot  
  70  5:27  Shield Battery  
  72  5:30  Colossus  
  72  5:34  Probe  
  72  5:35  Probe  
  74  5:38  Protoss Ground Weapons Level 1  
  72  5:46  Sentry  
  72  5:47  Zealot x2  
  72  5:49  Probe  
  85  5:50  Probe x2  
  86  6:05  Stalker  
  86  6:07  Probe x2  
  86  6:08  Probe  
  91  6:12  Pylon  
  91  6:13  Pylon  
  91  6:20  Blink, Pylon  
  91  6:21  Pylon, Colossus  
  91  6:28  Probe  
  91  6:29  Probe  
  95  6:35  Stalker  
  97  6:41  Probe x3  
  100  6:47  Gateway  
  100  6:51  Gateway  
  100  6:54  Zealot  
  100  6:55  Pylon  
  100  6:57  Observer, Probe x3  
  101  7:02  Pylon  
  101  7:06  Dark Shrine  
  101  7:08  Extended Thermal Lance  
  101  7:11  Probe x3  
  104  7:21  Protoss Ground Weapons Level 2, Colossus  
  104  7:22  Assimilator  
  110  7:24  Gateway  
  110  7:26  Zealot  
  111  7:31  Stalker  
  111  7:32  Zealot  
  111  7:47  Stalker  
  111  7:48  Stalker  
  115  8:03  Nexus  
  113  8:06  Stalker x3  
  105  8:21  Zealot x3  
  95  8:32  Stalker x3  
  97  8:38  Probe x3  
  97  8:39  Colossus  
  100  8:48  Dark Templar x2  
  100  8:49  Dark Templar  
  112  8:56  Gateway  
  112  8:57  Pylon, Gateway  
  112  9:06  Archon  
  112  9:09  Zealot x3  
  115  9:18  Gateway  
  115  9:22  Zealot, Dark Templar x2  
  121  9:25  Pylon  
  121  9:26  Probe x4  
  121  9:29  Immortal  
  125  9:31  Archon, Sentry  
  125  9:32  Zealot x2  
  135  9:40  Gateway  
  135  9:41  Forge  
  135  9:44  Stalker  
  137  9:50  Protoss Ground Weapons Level 3  
  137  9:58  Stalker x6  
  137  9:59  Zealot, Warp Prism  
  133  10:16  Protoss Ground Armor Level 1  
  133  10:17  Zealot x2  
  133  10:20  Sentry  
  138  10:22  Zealot  
  138  10:23  Zealot, Nexus  
  142  10:30  Probe x4  
  142  10:31  Zealot  
  145  10:36  Zealot x2  
  145  10:38  Dark Templar  
  151  10:43  Dark Templar  
  151  10:49  Zealot x4  
  161  10:53  Pylon  
  161  10:55  Pylon  
  161  10:56  Disruptor  
  161  11:05  Robotics Facility  
  161  11:10  Probe  
  161  11:11  Probe x3  
  167  11:12  Pylon  
  167  11:14  Pylon  
  167  11:18  Photon Cannon  
  167  11:22  Zealot x4  
  167  11:24  Stalker x2  
  176  11:28  Archon, Disruptor  
  172  11:39  Photon Cannon  
  170  11:40  Shield Battery  
  170  11:45  Zealot, Dark Templar x2  
  170  11:46  Zealot x2  
  180  11:49  Observer  
  180  11:50  Probe x5  
  185  11:57  Gravitic Boosters  
  186  12:01  Disruptor  
  186  12:03  Observer  
  187  12:10  Protoss Ground Armor Level 2  
  187  12:11  Nexus  
  185  12:20  Disruptor  
  181  12:24  Probe x5  
  181  12:29  Pylon  
  190  12:31  Gateway  
  190  12:32  Gateway  
  190  12:34  Disruptor  
  190  12:35  Gateway  
  190  12:36  Pylon  
  190  12:50  Warp Prism  
  186  13:00  Dark Templar x2  
  186  13:01  Zealot x5  
  186  13:02  Disruptor  
  195  13:07  Zealot x3  
  195  13:11  Probe x2, Protoss Shields Level 1  
  195  13:12  Probe x2  
  189  13:24  Assimilator  
  189  13:27  Assimilator  
  189  13:29  Photon Cannon  
  189  13:31  Photon Cannon, Warp Prism  
  189  13:32  Photon Cannon  
  189  13:34  Shield Battery  
  187  13:35  Shield Battery  
  187  13:46  Observer  
  187  13:50  Pylon  
  187  13:55  Dark Templar x2, Stalker  
  193  13:58  Immortal  
  193  14:00  Archon  
  193  14:02  Observer  
  198  14:11  Nexus  
  198  14:13  Dark Templar  
  198  14:16  Protoss Ground Armor Level 3  
  186  14:47  Photon Cannon  
  186  14:48  Photon Cannon  
  186  14:50  Photon Cannon  
  186  14:51  Shield Battery, Shadow Stride  
  186  14:52  Protoss Shields Level 2, Gateway  
  186  14:59  Dark Templar x4, Gateway  
  194  15:00  Dark Templar, Gateway  
  194  15:07  Zealot x2  
  198  15:09  Gateway  
  198  15:10  Gateway  
  198  15:13  Photon Cannon  
  200  15:16  Gravitic Drive  
  191  15:40  Warp Prism  
  191  15:42  Zealot x4  
  199  15:49  Pylon  
  199  16:02  Nexus  
  193  16:13  Pylon, Photon Cannon  
  193  16:15  Photon Cannon  
  193  16:17  Shield Battery  
  193  16:19  Observer x2, Shield Battery  
  194  16:31  Phoenix  
  192  16:33  Photon Cannon  
  192  16:34  Photon Cannon  
  192  16:36  Photon Cannon  
  192  16:37  Shield Battery  
  192  16:39  Shield Battery  
  192  16:49  Gateway  
  192  16:52  Gateway  
  192  16:53  Zealot x2  
  192  16:54  Zealot  
  195  16:57  Observer x2  
  197  17:05  Zealot  
  196  17:21  Stalker  
  196  17:22  Stalker x3  
  194  17:29  Stalker x3  
  187  17:30  Stalker x5  
  187  17:33  Dark Templar x2  
  187  17:38  Colossus  
  187  17:39  Colossus  
  199  17:49  Protoss Shields Level 3  
  197  17:53  Stalker  
  179  18:12  Zealot  
  175  18:13  Zealot x10  
  175  18:14  Zealot x2  
  189  18:30  Stalker x5  
  199  18:47  Stalker x3  
  199  18:48  Stalker x9  
  183  19:08  Zealot, Colossus, Stalker x6  
  183  19:09  Zealot  
  191  19:14  Zealot x3  
  191  19:15  Zealot  
  193  19:32  Stalker x3  
  199  19:40  Pylon  
  199  19:53  Gateway  
  199  19:55  Gateway  
  199  20:12  Stalker x3  
  199  20:13  Stalker x4  
  197  20:23  Photon Cannon  
  197  20:25  Photon Cannon  
  197  20:26  Photon Cannon  
  197  20:27  Shield Battery, Nexus  
  187  20:32  Zealot x8  
  187  20:33  Zealot x5  
Tags
 
Add a new tag
Caveats
  • Supply blocks, unpowered buildings, or Contaminate may cause inaccurate times.
  • Supply counts are checked every 10 seconds.